 Dungeon Crawl Stone Soup version 0.29.1-15-g9cfb28693d (webtiles) character file.

Game seed: 17111537384820683042

102 Thatpatchoflichen the Slasher (level 5, -2/42 HPs)
             Began as a Human Monk on Mar 5, 2023.
             Slain by an iguana (11 damage)
             ... on level 4 of the Dungeon.
             The game lasted 00:05:48 (3807 turns).

Thatpatchoflichen the Slasher (Human Monk)          Turns: 3807, Time: 00:05:49

Health: -2/42      AC:  3    Str: 11    XL:     5   Next: 5%
Magic:  5/5        EV: 13    Int: 10    God:
Gold:   157        SH:  0    Dex: 18    Spells: 4/4 levels left

rFire   . . .      SeeInvis .   a - +0 falchion
rCold   . . .      Faith    .   (no shield)
rNeg    . . .      Spirit   .   f - +0 leather armour
rPois   .          Reflect  .   (no helmet)
rElec   .          Harm     .   (no cloak)
rCorr   .          Rampage  .   (no gloves)
Will    .....                   (no boots)
Stlth   ++........              (no amulet)
HPRegen 0.14/turn               (no ring)
MPRegen 0.09/turn               (no ring)

@: no status effects
A: no striking features
a: no special abilities


You were on level 4 of the Dungeon.
You visited 1 branch of the dungeon, and saw 4 of its levels.

You collected 157 gold pieces.

Inventory:

Hand Weapons
 a - a +0 falchion (weapon)
Missiles
 o - 4 boomerangs (quivered)
Armour
 b - a +0 robe
 e - a +0 chain mail
 f - a +0 leather armour (worn)
 h - a +0 ring mail
Scrolls
 c - 3 scrolls of identify
 j - a scroll of amnesia
 k - a scroll of fear {unknown}
Potions
 d - 2 potions of might
 g - 2 potions of curing
 i - a potion of haste {unknown}
 l - a potion of flight
 m - a potion of heal wounds {unknown}
 n - a potion of invisibility {unknown}


   Skills:
 + Level 3.9 Fighting
 + Level 3.9 Long Blades
 + Level 2.1 Armour
 - Level 3.0 Dodging
 - Level 2.0 Stealth


You had 4 spell levels left.
You didn't know any spells.
Your spell library contained the following spells:

 Spells                   Type           Power      Damage    Failure   Level
 Slow                     Hex            0%         N/A       45%         1
 Confusing Touch          Hex            0%         N/A       83%         3
 Vampiric Draining        Necr           0%         2d6       83%         3
 Corpse Rot               Necr/Pois/Air  0%         N/A       99%         4
 Dispel Undead            Necr           0%         3d6       99%         4
 Death Channel            Necr           0%         N/A       100%        6


Dungeon Overview and Level Annotations

Branches:
Dungeon (4/15)
 Temple: D:4-7

Altars:
Vehumet

Annotations:
D:3 1 runed translucent door, leafyfresh's ghost, amateur OpDe


Message History

The endoplasm is heavily wounded.
The endoplasm jiggles.
The endoplasm hits you.
You hit the endoplasm.
You kill the endoplasm!
An iguana comes into view.
An iguana is nearby!
The iguana hisses angrily.
The iguana closely misses you.
You hit the iguana but do no damage. The iguana barely misses you.
You hit the iguana.
The iguana is moderately wounded.
The iguana barely misses you.
You closely miss the iguana.
The iguana is moderately wounded.
The iguana bites you!
You hit the iguana but do no damage.
The iguana is moderately wounded.
The iguana bites you! The iguana closely misses you.
You closely miss the iguana.
The iguana is moderately wounded.
The iguana bites you.
* * * LOW HITPOINT WARNING * * *
You closely miss the iguana.
The iguana is moderately wounded.
The iguana closely misses you.
You hit the iguana.
The iguana is heavily wounded.
The iguana misses you.
You hit the iguana.
The iguana is almost dead.
The iguana bites you.
* * * LOW HITPOINT WARNING * * *
You barely miss the iguana.
The iguana is almost dead.
The iguana closely misses you.
You completely miss the iguana.
The iguana is almost dead.
The iguana bites you!
You die...

#........#
#..$.....#
#........#
##...##.##
#...##.#
#...##.#
#...##.#
##.###.#
#...#@#
###.#l#
#.#.#
#.#.#
#.#.#
#.#.#
#.#.#
#.#.# #.#


You could see an iguana.

Vanquished Creatures
  4 adders
  A worm (D:2)
  7 endoplasms
  4 giant cockroaches
  4 goblins
  7 hobgoblins
  5 kobolds
  6 quokkas
  8 ball pythons
  10 bats
  A frilled lizard (D:2)
  2 rats (D:1)
59 creatures vanquished.

Notes
Turn   | Place    | Note
-------+----------+-------------------------------------------
     0 | D:1      | Thatpatchoflichen the Human Monk began the quest for the
                  | Orb.
     0 | D:1      | Reached XP level 1. HP: 18/18 MP: 1/1
   278 | D:1      | Found a faded altar of an unknown god.
   287 | D:1      | Reached XP level 2. HP: 13/24 MP: 2/2
   956 | D:1      | Reached skill level 1 in Armour
   959 | D:1      | Reached XP level 3. HP: 20/29 MP: 3/3
  1888 | D:2      | Reached XP level 4. HP: 26/36 MP: 4/4
  2496 | D:2      | Found a radiant altar of Vehumet.
  3127 | D:3      | Found a runed translucent door.
  3131 | D:3      | Noticed leafyfresh's ghost (amateur OpDe)
  3412 | D:3      | Reached XP level 5. HP: 34/42 MP: 5/5
  3807 | D:4      | Slain by an iguana

Illustrated notes

Levels and vault maps discovered:
D:1:      pf_arrival_petrified_forest, layout_basic,
          hellmonk_ecumenical_altar_lost_god
D:2:      layout_basic, basic_altar, chequers_serial_rivers_micro_c,
          minmay_octomino_j4
D:3:      layout_basic, hellmonk_ghost_happy_afterlife
D:4:      layout_basic, minmay_temple_entry_mini_moons, nicolae_stop_n_shop_2,
          uniq_ijyb

Skill      XL: |  1  2  3  4 |
---------------+-------------+-----
Armour         | 1 2 |  2.1
Fighting       | |  3.9
Long Blades    | |  3.9
Dodging        | |  3.0
Stealth        | |  2.0

Action                   |  1- 3 |  4- 6 || total
-------------------------+-------+-------++-------
Melee: Falchion          |   113 |    85 ||   198
       Punch             |       |     1 ||     1
  Use: Scroll            |       |     5 ||     5
       Potion            |       |     1 ||     1
 Stab: Sleeping          |     2 |     3 ||     5
Armor: Robe              |    15 |       ||    15
       Leather armour    |    55 |    19 ||    74
Dodge: Dodged            |   146 |    65 ||   211
